Cogmind - Beta 15 --- EXPLORER MODE // 2025.07.11 @ 20:17:42 Player: GermanMO Result: Destroyed by 2B-XJA(R) with Subdweller Machine Gun Performance ------------- Evolutions (0) 0 Regions Visited (2) 400 Robots Destroyed (8) 40 Value Destroyed (144) 144 Prototype IDs (2) 40 Alien Tech Used (0) 0 Bonus (0) 0 TOTAL SCORE: 624 Bonus ------- None Cogmind --------- Core Integrity 0/250 Matter 135/300 Energy 96/100 System Corruption 2% Temperature Cool (0) Movement Core (100) Ox1 Location -10/Subcaves Parts ------- > --- POWER (1) -------- (None) > --- PROPULSION (2) --- (None) > --- UTILITY (3) ------ ECM Suite Core Shielding Power Shielding > --- WEAPON (2) ------- Mining Claw > --- INVENTORY (5) ---- Ion Engine Medium Storage Unit Targeting Computer Datajack Peak State ------------ > --- POWER ------------ Ion Engine > --- PROPULSION ------- Light Treads Light Treads > --- UTILITY ---------- Structural Scanner Core Shielding Power Shielding > --- WEAPON ----------- Assault Rifle Light Assault Rifle > --- INVENTORY -------- Ion Engine Medium Storage Unit Targeting Computer [Rating: 8] Favorites ----------- Power Ion Engine Engine Ion Engine Propulsion Light Treads Treads Light Treads Utility Power Shielding Device Structural Scanner Protection Power Shielding Weapon Assault Rifle Ballistic Gun Assault Rifle Slashing Weapon Mining Claw Build | -11 -10 -10 ------- Run | Yrd Mat Sub Slots Evolved 1 | . 1 . Power . | . . . Propulsion . | . . . Utility 1 | . 1 . Weapon . | . . . Parts Attached 11 | 7 4 . Power 2 | 1 1 . Engine 2 | 1 1 . Core . | . . . Reactor . | . . . Propulsion 2 | 2 . . Treads 2 | 2 . . Leg . | . . . Wheel . | . . . Hover . | . . . Flight . | . . . Utility 4 | 2 2 . Device 2 | . 2 . Storage . | . . . Processor . | . . . Hackware . | . . . Protection 2 | 2 . . Artifact . | . . . Weapon 3 | 2 1 . Energy Gun . | . . . Energy Cannon . | . . . Ballistic Gun 2 | 2 . . Ballistic Cannon . | . . . Launcher . | . . . Special Weapon . | . . . Impact Weapon . | . . . Slashing Weapon 1 | . 1 . Piercing Weapon . | . . . Special Melee Weapon . | . . . Unidentified Prototypes . | . . . Parts Lost 5 | . . 5 Power 1 | . . 1 Propulsion 2 | . . 2 Utility 1 | . . 1 Weapon 1 | . . 1 Highest Loss Streak 4 | . . 4 To Critical Strikes . | . . . Average Backups 3 | 2 3 4 Power . | . 1 1 Propulsion . | . . . Utility 2 | 1 2 2 Weapon . | . . . Tool/Special . | . . . Unused Backups 3 | . . 3 Power . | . . . Propulsion . | . . . Utility 2 | . . 2 Weapon . | . . . Tool/Special 1 | . . 1 Average Slot Usage (%) 96 | . 98 86 Engine 11 | . 11 11 Treads 23 | . 24 17 Device 16 | . 15 21 Protection 20 | . 20 16 Ballistic Gun 19 | . 21 7 Slashing Weapon 3 | . 2 12 Peak Build Rating 8 | 7 8 8 Average Rating 7 | 4 7 6 On Entrance 5 | . 7 8 Naked Turns . | . . . Heaviest Build 13 | 10 13 13 Greatest Support 40 | 40 40 40 Greatest Overweight (x) 3 | . . 3 Average Overweight (x) . | . . . Largest Inventory Capacity 5 | 5 5 5 Average Capacity 5 | 5 5 5 Most Carried 5 | 4 5 5 Average Carried 3 | 2 3 4 Final Capacity 5 | 5 5 5 Final Carried 5 | 4 5 4 Class Distribution -------------------- 100% | Hacker-Mutant Dominant Class ---------------- Hacker-Mutant | -10/Materials Hacker-Mutant | -10/Subcaves Resources | -11 -10 -10 ----------- Run | Yrd Mat Sub Matter Collected 337 | 139 152 46 Remotely . | . . . Salvage Created 185 | . 185 . Parts 13 | . 13 . Haulers Intercepted . | . . . Recyclers Shooed . | . . . Parts Field Recycled . | . . . Retrieved Matter . | . . . Parts Self-Destructed . | . . . Prevented . | . . . Kills | -11 -10 -10 ------- Run | Yrd Mat Sub Combat Hostiles Destroyed 6 | . 6 . Guns 6 | . 6 . Classes Destroyed 4 | . 4 . Tunneler 1 | . 1 . Watcher 1 | . 1 . Swarmer 4 | . 4 . Grunt 2 | . 2 . Best Kill Streak 2 | . 2 . Combat Bots Only 2 | . 2 . Max Kills in Single Turn 1 | . 1 . Gunslinging . | . . . Exploded . | . . . Melee . | . . . Uniques/NPCs Destroyed . | . . . Combat | -11 -10 -10 -------- Run | Yrd Mat Sub Hostile Shots Fired 105 | . 49 56 Missed 36 | . 18 18 Hits 69 | . 31 38 Projectile 69 | . 31 38 Critical Strikes 1 | . . 1 Damage Taken 752 | . 210 542 Core 258 | . 11 247 Absorbed by Shields . | . . . Redirected to Shielding 60 | . 1 59 Ignored by Resistances 456 | . 136 320 Core Remaining (%) 100 | 100 . . Volleys Fired 41 | . 35 6 Largest 2 | . 2 1 Hottest 40 | . 40 20 Shots Fired 45 | . 39 6 Gun 45 | . 39 6 Cannon . | . . . Launcher . | . . . Special . | . . . Kinetic 45 | . 39 6 Thermal . | . . . Explosive . | . . . Electromagnetic . | . . . Robot Hit Streak 19 | . 19 4 Robot Miss Streak 3 | . 3 2 Penetration Max . | . . . Secondary Targets . | . . . Shots Hit Robots 48 | . 35 13 Core Hits 16 | . 13 3 Critical Kills . | . . . Critical Parts Destroyed . | . . . Critical Strikes . | . . . Melee Attacks 10 | . 1 9 Impact . | . . . Slashing 10 | . 1 9 Piercing . | . . . Sneak Attacks 1 | . 1 . Combat Hostiles . | . . . Follow-up Attacks . | . . . Damage Inflicted 700 | . 446 254 Guns 441 | . 396 45 Cannons . | . . . Explosions . | . . . Melee 259 | . 50 209 Ramming . | . . . Kinetic 441 | . 396 45 Thermal . | . . . Explosive . | . . . Electromagnetic . | . . . Impact . | . . . Slashing 259 | . 50 209 Piercing . | . . . Highest Corruption 2 | . 2 2 Average Corruption 1 | . 1 2 Corruption Purged . | . . . Corruption Blocked . | . . . Overload Shots . | . . . Overflow Damage . | . . . Projectiles . | . . . Explosions . | . . . Melee . | . . . Knockbacks . | . . . Impact . | . . . Kinetic . | . . . Secondary . | . . . Self-Inflicted Damage . | . . . Shots . | . . . Rammed . | . . . Targets Rammed . | . . . Kicked . | . . . Crushed . | . . . Highest Temperature 15 | . 15 . Average Temperature 10 | . 10 . Received Heat Transfer 267 | . 150 117 Siege Activations . | . . . Martial Activations . | . . . Shielding Activations . | . . . Robots Disrupted . | . . . Combat Hostiles . | . . . Robots Corrupted . | . . . Combat Hostiles . | . . . Parts Fried . | . . . Impact Corruptions . | . . . Robots Melted . | . . . Combat Hostiles . | . . . Parts Melted . | . . . Heat Transferred . | . . . Parts Sabotaged . | . . . Parts Stolen . | . . . Parts Stripped . | . . . Power Chain Reactions . | . . . Alert | -11 -10 -10 ------- Run | Yrd Mat Sub Maximum Alert Level . | . . . Low Security (%) 100 | 100 100 . Level 1 . | . . . Level 2 . | . . . Level 3 . | . . . Level 4 . | . . . Level 5 . | . . . High Security . | . . . Max Security . | . . . Peak Influence 55 | . 55 . Initial . | . . . Average 5 | . 6 . Influence Increases 202 | . 202 . Destroy 0b10 Robot/C 120 | . 120 . Destroy 0b10 Robot/NC 10 | . 10 . Destroy Leader 32 | . 32 . Trap Triggered on 0b10 10 | . 10 . Successful Hack 15 | . 15 . Lose Combat Pursuer 15 | . 15 . Influence Decreases 202 | . 202 . Time Decay 202 | . 202 . Squads Dispatched 1 | . 1 . Investigation 1 | . 1 . Extermination . | . . . Reinforcement . | . . . Assault . | . . . Garrison . | . . . Intercept . | . . . Searches Triggered . | . . . Construction Impeded . | . . . Haulers Reinforced . | . . . Active Scanning Responses . | . . . Cargo Convoy Interrupts . | . . . Stealth | -11 -10 -10 --------- Run | Yrd Mat Sub Distress Signals 1 | . 1 . Communications Jammed . | . . . Distress Signals . | . . . Times Spotted 18 | . 14 4 Peak Tracking Total 3 | . 3 3 Tactical Retreats 2 | . 1 1 Traps | -11 -10 -10 ------- Run | Yrd Mat Sub Traps Triggered 6 | . 6 . Indirectly . | . . . Trap Hack Attempts . | . . . Triggered . | . . . Disarmed . | . . . Reprogrammed 6 | . 6 . Reused 1 | . 1 . Traps Extracted . | . . . Installed . | . . . Triggered 1 | . 1 . Machines | -11 -10 -10 ---------- Run | Yrd Mat Sub Machines Disabled . | . . . Max in Single Turn . | . . . Machines Repaired . | . . . Machines Dismantled . | . . . Machines Sabotaged . | . . . Overloaded Fab Kills . | . . . Hacking | -11 -10 -10 --------- Run | Yrd Mat Sub Machines Accessed 6 | . 6 . Terminals 5 | . 5 . Fabricators . | . . . Repair Stations . | . . . Recycling Units 1 | . 1 . Scanalyzers . | . . . Garrison Access . | . . . Total Hacks 12 | . 12 . Successful 10 | . 10 . Failed 2 | . 2 . Catastrophic . | . . . Database Lockouts . | . . . Manual . | . . . Terminals 9 | . 9 . Fabricators . | . . . Repair Stations . | . . . Recycling Units 3 | . 3 . Scanalyzers . | . . . Garrison Access . | . . . Terminal Hacks 7 | . 7 . Prototype ID Bank 1 | . 1 . Locate Traps 1 | . 1 . Reprogram Traps 1 | . 1 . Hauler Manifests 1 | . 1 . Registered Components 1 | . 1 . Zone Layout 2 | . 2 . Fabricator Hacks . | . . . Repair Station Hacks . | . . . Recycling Unit Hacks 3 | . 3 . Retrieve Matter 1 | . 1 . Retrieve Components 2 | . 2 . Scanalyzer . | . . . Garrison Access Hacks . | . . . Unauthorized Hacks . | . . . Terminals . | . . . Fabricators . | . . . Repair Stations . | . . . Recycling Units . | . . . Scanalyzers . | . . . Garrison Access . | . . . Data Cores Recovered . | . . . Used . | . . . Hacking Detections 3 | . 3 . Full Trace Events 1 | . 1 . Feedback Events . | . . . Feedback Blocked . | . . . Robot Schematics Acquired . | . . . Robots Built . | . . . Authchips . | . . . Time . | . . . Total Robot Build Rating . | . . . Part Schematics Acquired . | . . . Parts Built . | . . . Authchips . | . . . Time . | . . . Total Part Build Rating . | . . . Parts Repaired . | . . . Time . | . . . Parts Recycled . | . . . Recycled Matter . | . . . Retrieved Matter . | . . . Retrieved Components . | . . . Parts Scanalyzed . | . . . Part Schematics Acquired . | . . . Parts Damaged . | . . . Bothacking | -11 -10 -10 ------------ Run | Yrd Mat Sub Used RIF Installer . | . . . Robots Hacked . | . . . Non-combat . | . . . Combat . | . . . Robot Hacks Applied . | . . . Relay Couplers Released . | . . . Fabnet Peak Effective % . | . . . Robots Rewired . | . . . Allies Hacked . | . . . Hacks Repelled . | . . . Allies | -11 -10 -10 -------- Run | Yrd Mat Sub Total Allies . | . . . Largest Group . | . . . Highest-Rated Group . | . . . Highest-Rated Ally . | . . . Total Orders . | . . . Ally Attacks . | . . . Total Damage . | . . . Kills . | . . . Allies Corrupted . | . . . Allies Melted . | . . . Intel | -11 -10 -10 ------- Run | Yrd Mat Sub Active Infowar (turns) 974 | . 852 122 Structural 939 | . 852 87 ECM 400 | . 278 122 Robot Analysis Total . | . . . Derelict Logs Recovered . | . . . Drone Launches . | . . . Drone Recoveries . | . . . Exploration | -11 -10 -10 ------------- Run | Yrd Mat Sub Turns Passed 1070 | 87 861 122 Spaces Moved 560 | 55 462 43 Core 26 | 16 2 8 Treads 534 | 39 460 35 Legs . | . . . Wheels . | . . . Hover . | . . . Flight . | . . . Fastest Speed 50 | 50 50 160 Average Speed 157 | 128 159 167 Slowest Speed 200 | 160 160 200 Overloaded Moves . | . . . Propulsion Burnouts . | . . . Robots Hopped . | . . . Potential Cave-ins . | . . . Cave-ins Triggered . | . . . Exploration Rate (%) 31 | 4 83 6 Regions Visited 2 Branch Regions 1 Pre-discovered Areas . | . . . Known Exits Taken 2 | 1 1 . Unknown Exits Taken . | . . . Scrap Searched . | . . . Spaces Dug . | . . . Terrain Destroyed . | . . . Melee . | . . . Projectile . | . . . AOE . | . . . Terrain Rammed . | . . . Walls Destroyed . | . . . Machines Disabled . | . . . Actions | -11 -10 -10 --------- Run | Yrd Mat Sub Total 686 | 72 544 70 Wait 37 | . 26 11 Move 558 | 54 461 43 Hop . | . . . Pick Up 18 | 11 7 . Fast Attach 5 | . 5 . Attach 14 | 7 6 1 Detach 1 | . 1 . Swap 1 | . 1 . Drop 1 | . 1 . Fire 41 | . 35 6 Melee 10 | . 1 9 Ram . | . . . Kick . | . . . Crush . | . . . Escape Stasis . | . . . Rewire . | . . . Trap . | . . . Miscellaneous . | . . . Route ------- -11/Scrapyard -10/Materials (discovered 6 exits: *Mat x3 / *Min x2 / *Sub) -10/Subcaves (discovered 1 exit: *Mat) History --------- Turn | Location | Event 3 | -11/Scrapyard | Identified exit to Materials 3 | -11/Scrapyard | Discovered exit to Materials (range 15) 88 | -11/Scrapyard | Entered Materials 88 | -10/Materials | Evolved 1 slot: Utility x1 131 | -10/Materials | Identified exit to Mines 131 | -10/Materials | Discovered exit to Mines (range 3) 312 | -10/Materials | Build established: Hacker-Mutant 360 | -10/Materials | Identified exit to Materials 360 | -10/Materials | Discovered exit to Materials (range 16) 443 | -10/Materials | Discovered exit to Mines (range 8) 586 | -10/Materials | Discovered exit to Materials (range 14) 809 | -10/Materials | Discovered exit to Materials (range 5) 869 | -10/Materials | Identified exit to Subcaves 869 | -10/Materials | Discovered exit to Subcaves (range 16) 949 | -10/Materials | Entered Subcaves 950 | -10/Subcaves | Approached by a straggling Scientist 951 | -10/Subcaves | Identified exit to Materials 951 | -10/Subcaves | Discovered exit to Materials (range 15) 1044 | -10/Subcaves | Core integrity fell below 50% 1058 | -10/Subcaves | Core integrity fell below 20% 1067 | -10/Subcaves | Lost 4 parts (2n1u1w) 1071 | -10/Subcaves | Destroyed by 2B-XJA(R) with Subdweller Machine Gun Last Messages --------------- B9-OMT(c): "Hey, let me tag along and I can get us both out of this nasty situation. At least I think I can... The group I got separated from was talking about a shortcut back to the UFD." B9-OMT(c): "I think it's somewhere northeast of here" B9-OMT(c) destroyed. Assault Rifle destroyed. Lgt. Treads destroyed. Structural Scanner destroyed. AZ-T7U(R) destroyed. 8H-JKJ(R) affixes Scrap Shield Fragment to Scrap Shield. 2B-XJA(R) affixes Scrap Shield Fragment to Scrap Shield. Acquired 46 matter. 8H-JKJ(R) affixes Scrap Shield Fragment to Scrap Shield. Ion Engine destroyed. Map ----- +----------------------------------------------------+ | ?????????????????????????????????????????????????? | | ?????????????????????????????????????????????????? | | ?????????????????????????????????????????????????? | | ?????????????????????????????????????????????????? | | ?????????????????????????????????????????????????? | | ?????????????????????????????????????????????????? | | ?????????????????????????????????????????????????? | | ?????????????????????????????????????????????????? | | ?????????????????????????????????????????????????? | | ?????????????????????????????????????????????????? | | ?????????????????????????????????????????????????? | | ?????????????????????????????????????????????????? | | ?????????????????????????????????????????????????? | | ?????????????????????????????????????????????????? | | ?????????????????????????????????????????????????? | | ?????????????????????????????????????????????????? | | ?????????????????????????????????????????????????? | | ?????????????????????????????????????????????????? | | ?????????????????????????????????????????????????? | | ?????????????????????????????????????????????????? | | ?????????????????????????????????????????????????? | | ?????????????????????????????????????????????????? | | ?????????????##############??????????????????????? | | ?????????????################????????????????????? | | ?????????????## ## R#;#####?????????????????? | | ?????????????## &@&###########???????????? | | ?????????###### [ R ##???????????? | | ?????????###### # # ; #???????? | | ?????????## ## ###;# ;# % % ???????? | | ?????????## ######## % ???????? | | ?????????### #### ### ##""###"????????? | | ?????????### ### #### ###?????????????? | | ??????????### ## ###% #??????????????? | | ??????????#### # #?????????????? | | ????????? ## "" #?????????????? | | ????????? ### "" "?????????????? | | ?????????##"#" # < ###?"?????????????? | | ?????????? # ###???????????????? | | ???????#" ##" # ######????????????????? | | ???????######## ######"????????????????? | | ???????####### ###????????????????????? | | ???????####### ## ###?????????????????????? | | ????########### ###### ###?????????????????????? | | ????##### # ##########??????????????????????? | | ????## #########??????????????????????? | | ????## % ###????????????????????????? | | ????## ## ##% ####??????????????????????? | | ????### ##### ###?????????????????????? | | ???#### ###### # ##?????????????????????? | | ??### ##?### ## ##?????????????????????? | +----------------------------------------------------+ Best States ------------- Heat Dissipation 25 Energy Generation 10 Energy Capacity 250 Matter Stores 239 Matter Capacity 300 Sight Range 16 Terrain Scan Density 10 ECM Strength 1 Resistance: KI 35 Resistance: TH 35 Resistance: EX 35 Resistance: EM 35 Resistance: I 35 Resistance: S 35 Resistance: P 35 Core Shielding 20 Power Shielding 33 Evasion (%) 50 Recoil Reduction 2 Offensive Hacking 20 Item Schematics ----------------- None Robot Schematics ------------------ None Fabricated ------------ Nothing Repaired ---------- Nothing Alien Tech Used ----------------- None Achievements -------------- None Challenges ------------ None Game ------ Seed SupercompositeEtherialBlade Manual? 0 Play Time 00:15:11 Cumulative 16.7 hours Start 2025.07.11 @ 20:03:07 End 2025.07.11 @ 20:17:42 Sessions 1 Manual Loads 0 Difficulty Explorer Special Mode None Game No. 20 Rogue 0 Adventurer 0 Explorer 20 Win Type - Total 0 Types 0/0/0/0/0/0/0/0/0/0 Lore% 12 Gallery% 18 Achievement% 16 Wizard Run 0 Options --------- Layout 1 ASCII 0 Keyboard 0 Movement Mouse Keybinds 0 Fullscreen 2 Font 16/SmallcapsGlow Map View 50x35 Zoom Use 0% Tactical HUD 0 Map Filters NONE Filters NONE Steam X RUN: c3f98ad5-314a-4ce0-84bb-8dffc3160964